 Dungeon Crawl Stone Soup version 0.19.0-24-gb05acd6 (webtiles) character file.

2690 sugabear the Slicer (level 9, -4/46 HPs)
             Began as a Vine Stalker Gladiator on Nov 21, 2016.
             Was an Initiate of Qazlal.
             Slain by a killer bee (5 damage)
             ... on level 7 of the Dungeon.
             The game lasted 00:13:07 (5909 turns).

sugabear the Slicer (Vine Stalker Gladiator)        Turns: 5909, Time: 00:13:08

Health: -4/46      AC: 10    Str: 18    XL:     9   Next: 64%
Magic:  0/10       EV: 14    Int:  8    God:    Qazlal [......]
Gold:   355        SH:  0    Dex: 18    Spells: 0 memorised, 8 levels left

rFire  . . .     SeeInvis +     q - +5 rapier
rCold  . . .     Gourm    .     j - +0 ring mail (curse)
rNeg   + . .     Faith    .     (no shield)
rPois  .         Spirit   +     s - +0 helmet "Keisaoxibb" {rN+ MR+ SInv}
rElec  .         Reflect  .     t - +2 cloak
rCorr  .         Harm     .     (no gloves)
MR     ++...                    (no boots)
Stlth  +.........               w - amulet of rage
                                (no ring)
                                (no ring)

@: no status effects
A: fangs 3, regeneration 1, magic shield, antimagic bite, no device heal 3, rot
immunity
a: Renounce Religion, Evoke Berserk Rage


You were on level 7 of the Dungeon.
You worshipped Qazlal.
Qazlal was noncommittal.
You were hungry.

You visited 2 branches of the dungeon, and saw 8 of its levels.
You also visited: Sewer.

You collected 355 gold pieces.

Inventory:

Hand Weapons
 q - a +5 rapier (weapon)
 z - a +0 dagger of venom
 B - a +0 falchion of electrocution
Missiles
 d - 3 throwing nets (quivered)
Armour
 j - a cursed +0 ring mail (worn)
 l - a +0 troll leather armour {Purgy}
 s - the +0 helmet "Keisaoxibb" (worn) {rN+ MR+ SInv}
   (You took it off Robin on level 3 of the Dungeon)

   It protects you from negative energy.
   It affects your resistance to hostile enchantments.
   It lets you see invisible.
 t - a +2 cloak (worn)
 D - a +1 robe of positive energy
 G - a +3 leather armour
Magical Staves
 b - an uncursed staff of wizardry
Jewellery
 g - an uncursed ring of ice
 w - an amulet of rage (around neck)
Wands
 r - a wand of polymorph (14/24)
 F - a wand of hasting (5/9)
Scrolls
 a - a scroll of amnesia
 n - 2 scrolls of teleportation
 p - 3 scrolls of identify
 x - a scroll of remove curse
Potions
 c - 3 potions of heal wounds {unknown}
 e - 3 potions of curing
 h - 2 potions of haste {unknown}
 m - a potion of might {unknown}
 o - a potion of magic {unknown}
 v - 2 potions of flight
 C - a potion of brilliance
Comestibles
 f - 4 bread rations
 i - 8 meat rations
 k - a fruit
 A - 3 beef jerkies
 E - 3 chunks of flesh


   Skills:
 + Level 4.9 Fighting
 + Level 8.4 Short Blades
 + Level 2.0 Throwing
 + Level 4.8 Armour
 + Level 4.5 Dodging
 - Level 1.5 Stealth
 + Level 0.4 Spellcasting
 * Level 1.1 Invocations


You had 8 spell levels left.
You didn't know any spells.

Dungeon Overview and Level Annotations

Branches:
Dungeon (7/15)             Temple (1/1) D:6

Altars:
Ashenzari
Cheibriados
Elyvilon
Fedhas
Gozag
Hepliaklqana
Kikubaaqudgha
Makhleb
Okawaru
Qazlal
Ru
Trog
Uskayaw
Vehumet
Yredelemnul
Zin
The Shining One


Innate Abilities, Weirdness & Mutations

You have razor-sharp teeth.
Your natural rate of healing is unusually fast.
When hurt, damage is shared between your health and your magic reserves.
Your bite disrupts and absorbs the magic of your enemies.
Potions and wands cannot restore your health.
You are immune to rotting.


Message History

You are too injured to fight recklessly!
You are too injured to fight recklessly!
You are too injured to fight recklessly!
Cornered, the killer bee turns to fight! x2
The killer bee stings you but does no damage.
You are feeling hungry.
The killer bee stings you.
* * * LOW HITPOINT WARNING * * *
The killer bee stings you but does no damage.
The killer bee misses you.
There is an open door here.
Your ring mail prevents you from hitting the killer bee.
Your bite misses the killer bee. The killer bee stings you.
* * * LOW HITPOINT WARNING * * *
The killer bee stings you!
* * * LOW HITPOINT WARNING * * *
The killer bee stings you.
* * * LOW HITPOINT WARNING * * *
The killer bee stings you.
You die...

........#......###'#########.
........#......#..........
.......##......#..........
.......#########..........
.......#..................
.......#..................
.......#........##########
.......#........#†....#
.......#........@y....#
########..[.....#y....#
#.....######.....# #.....#
#.....# +.....# #.....#
#.....# #.....# #.....#
####### .....### .......


You could see 2 killer bees.

Vanquished Creatures
  Pikel (D:6)
  Sigmund (D:4)
  Eustachio (D:3)
  Edmund (D:3)
  Purgy (Sewer)
  An orc warrior (D:6)
  A slave (D:6)
  2 phantoms
  4 ogres
  A centaur (D:5)
  A bullfrog (D:6)
  2 killer bees (D:7)
  A scorpion (D:7)
  A crimson imp (D:5)
  2 hounds
  2 jellies (D:7)
  Crazy Yiuf (D:3)
  5 orc priests
  A bullfrog skeleton (D:6)
  A centaur skeleton (D:6)
  6 orc wizards
  A worker ant (D:4)
  Robin (D:3)
  4 gnolls (D:5)
  8 adders
  A shadow imp (D:5)
  An ooze (D:1)
  An adder zombie (D:3)
  2 adder skeletons (D:6)
  A worm (D:5)
  A dart slug (D:1)
  3 leopard geckos
  28 orcs
  6 ball pythons
  5 giant cockroaches
  11 goblins
  16 hobgoblins
  9 jackals
  3 quokkas
  7 bats
  16 frilled lizards
  A jackal skeleton (D:6)
  6 kobolds
  2 rats
171 creatures vanquished.

Vanquished Creatures (others)
  A bullfrog (D:6)
  A howler monkey skeleton (D:6)
2 creatures vanquished.

Grand Total: 173 creatures vanquished

Notes
Turn   | Place    | Note
-------+----------+-------------------------------------------
     0 | D:1      | sugabear the Vine Stalker Gladiator began the quest for the Orb.
     0 | D:1      | Reached XP level 1. HP: 11/11 MP: 2/2
    86 | D:1      | Reached skill level 3 in Short Blades
    87 | D:1      | Reached XP level 2. HP: 10/15 MP: 3/3
   275 | D:1      | Reached XP level 3. HP: 13/18 MP: 4/4
   975 | D:2      | Reached skill level 1 in Armour
  1178 | D:2      | Gained mutation: Your natural rate of healing is unusually fast. [Vine Stalker growth]
  1178 | D:2      | Reached XP level 4. HP: 15/23 MP: 5/5
  1241 | D:2      | Found a glowing golden altar of the Shining One.
  1243 | D:2      | Found a white marble altar of Elyvilon.
  1247 | D:2      | Found a glowing silver altar of Zin.
  1599 | D:3      | Noticed Robin
  1636 | D:3      | Killed Robin
  1644 | D:3      | Got a distressingly furry helmet
  1672 | D:3      | Identified the +0 helmet "Keisaoxibb" {rN+ MR+ SInv} (You took it off Robin on level 3 of the Dungeon)
  1906 | D:3      | Reached skill level 4 in Short Blades
  1906 | D:3      | Reached XP level 5. HP: 18/26 MP: 6/6
  2306 | D:3      | Found a sacrificial altar of Ru.
  2306 | D:3      | Found a burning altar of Makhleb.
  2403 | D:3      | Found a runed door.
  2561 | D:3      | Noticed Crazy Yiuf
  2571 | D:3      | Killed Crazy Yiuf
  2625 | D:4      | Noticed Edmund
  2736 | D:3      | Killed Edmund
  2736 | D:3      | Reached XP level 6. HP: 19/32 MP: 4/7
  2766 | D:4      | Noticed Eustachio
  2866 | D:3      | Reached skill level 5 in Short Blades
  2879 | D:3      | Reached XP level 7. HP: 26/36 MP: 6/8
  2919 | D:3      | Killed Eustachio
  3013 | D:4      | Found a hide-covered altar of Uskayaw.
  3135 | D:4      | Found an iron altar of Okawaru.
  3243 | D:4      | Found a faded altar of an unknown god.
  3243 | D:4      | Found a faded altar of an unknown god.
  3250 | D:4      | Found a faded altar of an unknown god.
  3252 | D:4      | Found a blossoming altar of Fedhas.
  3254 | D:4      | Found a faded altar of an unknown god.
  3318 | D:4      | Noticed Sigmund
  3328 | D:4      | Killed Sigmund
  3328 | D:4      | Gained mutation: You have razor-sharp teeth. [Vine Stalker growth]
  3328 | D:4      | Reached XP level 8. HP: 39/41 MP: 7/9
  3443 | D:4      | Reached skill level 6 in Short Blades
  3492 | D:5      | Entered Level 5 of the Dungeon
  4042 | D:5      | Reached skill level 7 in Short Blades
  4392 | D:6      | Found a glowing drain.
  4399 | Sewer    | Entered a sewer
  4436 | Sewer    | Noticed Purgy
  4445 | Sewer    | Killed Purgy
  4633 | D:6      | Noticed Pikel
  4647 | D:6      | Reached XP level 9. HP: 33/46 MP: 8/10
  4657 | D:6      | Killed Pikel
  4657 | D:6      | Reached skill level 1 in Stealth
  5221 | D:6      | Reached skill level 8 in Short Blades
  5398 | D:6      | Found a staircase to the Ecumenical Temple.
  5510 | Temple   | Entered the Ecumenical Temple
  5571 | Temple   | Became a worshipper of Qazlal Stormbringer
  5900 | D:7      | Reached skill level 1 in Invocations
  5909 | D:7      | HP: 1/46 [killer bee (5)]
  5909 | D:7      | Slain by a killer bee

Skill      XL: |  1  2  3  4  5  6  7  8  9 |
---------------+----------------------------+-----
Short Blades   | 3 4 5 7 8 |  8.4
Fighting       | 2 3 4 |  4.9
Armour         | 1 2 3 4 |  4.8
Dodging        | 3 4 |  4.5
Throwing       | 2 |  2.0
Stealth        | 1 |  1.5
Invocations    | 1 |  1.1
Spellcasting   | |  0.4

Action                   |  1- 3 |  4- 6 |  7- 9 || total
-------------------------+-------+-------+-------++-------
Melee: Rapier            |   102 |   154 |   264 ||   520
       Bite              |    26 |    55 |    72 ||   153
       Dagger            |       |       |    11 ||    11
Throw: Throwing net      |       |     1 |     2 ||     3
  Use: Scroll            |       |       |    11 ||    11
       Potion            |       |       |     6 ||     6
 Stab: Sleeping          |     1 |       |     2 ||     3
       Held in net/web   |       |       |     1 ||     1
  Eat: Chunk             |     1 |     4 |     8 ||    13
       Pizza             |       |       |     2 ||     2
Armor: Leather armour    |    30 |    51 |    12 ||    93
       Ring mail         |       |       |    56 ||    56
Dodge: Dodged            |    66 |   126 |   157 ||   349
